 Dungeon Crawl Stone Soup version bcrawl-1.37.2 (webtiles) character file.

Game seed: 13089517461809396865

121983 Mehrunes the Magician (level 4, -2/32 HPs)
             Began as a Mummy Fire Elementalist on Nov 6, 2022.
             Slain by an orc
             ... wielding a +0 flail of holy wrath
              (6 damage)
             ... on level 3 of the Dungeon.
             The game lasted 00:02:29 (1778 turns).

Mehrunes the Magician (Mummy Fire Elementalist)     Turns: 1778, Time: 00:02:30

Health: -2/32      AC:  2    Str: 17    XL:     4   Next: 5%
Magic:  0/9        EV: 12    Int: 15    God:
Gold:   55         SH:  0    Dex: 12    Spells: 6/10 levels left

rFire    x . .     GDR:     24% e - +0 dagger
rCold    + . .     SeeInvis .   (no shield)
rNeg     + + +     Gourm    .   a - +0 robe
rPois    ∞         Faith    .   (no helmet)
rElec    .         Spirit   .   (no cloak)
rCorr    .         Reflect  .   (no gloves)
MR       +....     Clarity  +   (no boots)
Stlth    ++........             (no amulet)
HPRegen  0.15/turn              j - ring of protection from magic
MPRegen  0.11/turn              m - +6 ring of strength

@: very slightly contaminated
A: no food or potions, fire vulnerability, clarity, cold resistance 1, negative
energy resistance 3, torment resistance, unbreathing, strong hexes 1
a: no special abilities


You were on level 3 of the Dungeon.
You were not hungry.

You visited 1 branch of the dungeon, and saw 3 of its levels.

You collected 55 gold pieces.

Inventory:

Hand Weapons
 e - a +0 dagger (weapon)
Missiles
 d - 504 stones (quivered)
 k - 67 poisoned tomahawks
Armour
 a - a +0 robe (worn)
Jewellery
 j - a ring of protection from magic (left hand)
 m - a +6 ring of strength (right hand)
Wands
 c - a wand of flame (4)
Scrolls
 b - 2 scrolls of teleportation {unknown}
 f - 2 scrolls of magic mapping {unknown}
 g - 2 scrolls of remove curse {unknown}
 h - a scroll of blinking {unknown}
 i - 2 scrolls of identify
 l - 2 scrolls of enchant armour {unknown}


   Skills:
 + Level 1.6 Fighting
 - Level 1.5 Dodging
 - Level 2.1 Stealth
 + Level 3.5 Spellcasting
 + Level 1.6 Conjurations
 + Level 2.9 Fire Magic


You had 6 spell levels left.
You knew the following spells:

 Your Spells              Type           Power        Failure   Level  Hunger
a - Flame Tongue          Conj/Fire      #....        8%          1    N/A
b - Conjure Flame         Conj/Fire      #.......     22%         3    N/A

Your spell library contained the following spells:

 Spells                   Type           Power        Failure   Level  Hunger
 Flaming Arrows           Chrm/Fire      #.......     16%         2    N/A
 Inner Flame              Hex/Fire       N/A          30%         3    N/A
 Sticky Flame             Conj/Fire      #.......     58%         4    N/A
 Fireball                 Conj/Fire      #.........   90%         5    N/A

Dungeon Overview and Level Annotations

Branches:
Dungeon (3/12)

Altars:
Hepliaklqana


Innate Abilities, Weirdness & Mutations

You do not eat or drink.
Your flesh is vulnerable to fire.
You are immune to poison.
You possess an exceptional clarity of mind.
Your flesh is cold resistant. (rC+)
You are immune to negative energy. (rN+++)
You are immune to unholy pain and torment.
You can survive without breathing.
Your hexes are more powerful.


Message History

Confirm with . or Enter, or press ? or * to list all spells.
You don't have enough magic to cast that spell.
Casting: Flame Tongue (safe; 8% risk of failure)
Confirm with . or Enter, or press ? or * to list all spells.
You don't have enough magic to cast that spell.
You closely miss the hobgoblin.
The hobgoblin is severely wounded.
The hobgoblin hits you with a +0 club.
You hit the hobgoblin.
You kill the hobgoblin!
You hit the orc.
The orc is heavily wounded.
The orc hits you with a +0 flail of holy wrath!
You convulse.
You barely miss the orc.
The orc is heavily wounded.
The orc hits you with a +0 flail of holy wrath!
* * * LOW HITPOINT WARNING * * *
You convulse.
You die...

#######
#<....#
####.#####.#
....goo@...#
.....#######
... .


You could see 2 orcs and a hobgoblin.

Vanquished Creatures
  Terence (D:2)
  2 worms (D:1)
  2 dart slugs (D:1)
  A leopard gecko (D:1)
  An orc (D:3)
  4 bats (D:1)
  6 giant cockroaches
  3 goblins
  3 hobgoblins
  3 kobolds
  A quokka (D:3)
  A frilled lizard (D:1)
  7 rats
35 creatures vanquished.

Notes
Turn   | Place    | Note
-------+----------+-------------------------------------------
     0 | D:1      | Mehrunes the Mummy Fire Elementalist began the quest for
                  | the Orb.
     0 | D:1      | Reached XP level 1. HP: 13/13 MP: 4/4
   143 | D:1      | Reached skill level 1 in Conjurations
   169 | D:1      | Reached XP level 2. HP: 20/20 MP: 0/5
   194 | D:1      | Reached skill level 3 in Spellcasting
   398 | D:1      | Reached skill level 1 in Fighting
  1107 | D:1      | Reached XP level 3. HP: 25/25 MP: 1/7
  1196 | D:2      | Found a hazy altar of Hepliaklqana.
  1313 | D:2      | Learned a level 3 spell: Conjure Flame
  1358 | D:2      | Noticed Terence
  1467 | D:2      | Killed Terence
  1773 | D:3      | Reached XP level 4. HP: 28/32 MP: 1/9
  1778 | D:3      | Slain by an orc

Skill      XL: |  1  2 |
---------------+-------+-----
Conjurations   | 1 |  1.6
Spellcasting   | 3 |  3.5
Fighting       | 1 |  1.6
Dodging        | |  1.5
Stealth        | |  2.1
Fire Magic     | |  2.9

Action                   |  1- 3 |  4- 6 || total
-------------------------+-------+-------++-------
Melee: Dagger            |     9 |     4 ||    13
 Cast: Flame Tongue      |    74 |     2 ||    76
Armor: Robe              |     9 |       ||     9
Dodge: Dodged            |    34 |       ||    34
